 Dungeon Crawl Stone Soup version 0.27-a0-695-gb4952372f7 (webtiles) character file.

Game seed: 9791164734315854341

9 sankara the Skirmisher (level 2, 22/25 HPs)
             Began as a Palentonga Fighter on Mar 21, 2021.
             Got out of the dungeon alive.
             The game lasted 00:01:54 (496 turns).

sankara the Skirmisher (Palentonga Fighter)          Turns: 496, Time: 00:01:54

Health: 22/25      AC:  6    Str: 19    XL:     2   Next: 3%
Magic:  2/2        EV:  5    Int:  8    God:
Gold:   16         SH:  8    Dex:  9    Spells: 1/1 levels left

rFire    . . .     SeeInvis +   a - +0 flail
rCold    . . .     Faith    .   c - +0 kite shield
rNeg     . . .     Spirit   .   b - +0 scale mail
rPois    .         Reflect  .   (no helmet)
rElec    .         Harm     .   (no cloak)
rCorr    .         Rampage  .   (no gloves)
Will     .....                  (no barding)
Stlth    ..........             (no amulet)
HPRegen  0.08/turn              (no ring)
MPRegen  0.08/turn              (no ring)

@: no status effects
A: large, rugged brown scales 3, see invisible, deformed body, roll 1, armoured
tail
a: Rolling Charge


You escaped.
You visited 1 branch of the dungeon, and saw 1 of its levels.

You collected 16 gold pieces.

Inventory:

Hand Weapons
 a - a +0 flail (weapon)
Armour
 b - a +0 scale mail (worn)
 c - a +0 kite shield (worn)
Potions
 d - a potion of might
 e - a potion of attraction {unknown}
 f - a potion of lignification {unknown}
 g - a potion of curing {unknown}


   Skills:
 + Level 3.1 Fighting
 + Level 2.2 Maces & Flails
 + Level 2.5 Armour
 + Level 2.5 Shields


You had one spell level left.
You didn't know any spells.
Your spell library was empty.

Dungeon Overview and Level Annotations

Branches:
Dungeon (1/15)

Altars:


Innate Abilities, Weirdness & Mutations

You are completely covered in rugged brown scales. (AC +3, +7% HP)
You have supernaturally acute eyesight. (SInv)
Armour fits poorly on your strangely shaped body.
You can roll at nearby foes to attack.
You have a long armoured tail.


Message History

You are too injured to fight recklessly!
You are too injured to fight recklessly!
You closely miss the goblin. The goblin hits you with a +0 dagger.
You closely miss the goblin. You block the goblin's attack. x2
You miss the goblin. The goblin barely misses you.
You hit the goblin. You tail-slap the goblin.
You kill the goblin!
You closely miss the frilled lizard. The frilled lizard bites you.
The frilled lizard bites you but does no damage.
You completely miss the frilled lizard.
The frilled lizard bites you but does no damage.
You miss the frilled lizard.
Your tail-slap misses the frilled lizard.
You block the frilled lizard's attack. x2
You closely miss the frilled lizard.
The frilled lizard bites you but does no damage.
You miss the frilled lizard. The frilled lizard bites you.
The frilled lizard barely misses you.
Your shield prevents you from hitting the frilled lizard.
The frilled lizard bites you but does no damage.
You barely miss the frilled lizard.
The frilled lizard barely misses you. x2
You miss the frilled lizard. The frilled lizard bites you.
You sock the frilled lizard!
You kill the frilled lizard!
Things that are here:
a +0 dagger; a frilled lizard corpse You start resting.
A rat comes into view.
A rat is nearby!
Okay, then.
Okay, then.
Roll where?
Press: ? - help, Dir - move target, f - rat
Aim: a rat You roll forward with a clatter of scales!
You bludgeon the rat!!
You kill the rat!
HP restored.
A hobgoblin comes into view. It is wielding a +0 club.
The hobgoblin shouts!
Roll where?
Press: ? - help, Dir - move target, f - hobgoblin
Aim: a hobgoblin, wielding a +0 club You roll forward with a clatter of scales!
You closely miss the hobgoblin. The hobgoblin hits you with a +0 club.
The hobgoblin barely misses you.
Okay, then.
You barely miss the hobgoblin. You block the hobgoblin's attack.
You hit the hobgoblin.
The hobgoblin is lightly wounded.
The hobgoblin barely misses you. The hobgoblin hits you with a +0 club.
You sock the hobgoblin!
You kill the hobgoblin!
Things that are here:
a +0 club; a hobgoblin corpse A rat comes into view.
A rat is nearby!
Okay, then.
Roll where?
Press: ? - help, Dir - move target, f - rat
Aim: a rat You roll forward with a clatter of scales!
You hit the rat.
You kill the rat!
A giant cockroach comes into view.
You see here a dark potion.
There's nothing you can charge at!
Unknown command.
There's nothing you can charge at!
You hit the giant cockroach but do no damage.
The giant cockroach bites you.
You closely miss the giant cockroach.
The giant cockroach completely misses you.
The giant cockroach waves its antennae.
The giant cockroach bites you but does no damage.
You hit the giant cockroach.
The giant cockroach is heavily wounded.
You block the giant cockroach's attack.
The giant cockroach bites you but does no damage.
You closely miss the giant cockroach.
Your tail-slap misses the giant cockroach.
The giant cockroach is heavily wounded.
You block the giant cockroach's attack. The giant cockroach barely misses you.
You hit the giant cockroach but do no damage.
You tail-slap the giant cockroach, but do no damage.
The giant cockroach is heavily wounded.
You block the giant cockroach's attack. x2
You closely miss the giant cockroach.
The giant cockroach is heavily wounded.
The giant cockroach bites you. x2
You barely miss the giant cockroach.
The giant cockroach is moderately wounded.
The giant cockroach bites you.
You hit the giant cockroach.
You kill the giant cockroach!
You have reached level 2!
g - a dark potion
There is a staircase leading out of the dungeon here.
Are you sure you want to leave the Dungeon?
This will make you lose the game!
You have escaped!

#......# #.......##
#.# # #.##.###
##(......# ###.# #
#.##.#
######..####...## #
...#.#
######..##......# #
###...
##.......##......####
#.......###.#.#.#....
#..###### #..........
#..#..### #.#.#.#####
#...@...###.....#
##.......####.###
###..#..# #.# ###
######..# #.###.###
##.......# #.##.#...
#.......## #.#.###.#
#..###### #..## ##.
#..###### ###.###..
#.......########.#.#.


There were no monsters in sight!

Vanquished Creatures
  2 giant cockroaches (D:1)
  A goblin (D:1)
  2 hobgoblins (D:1)
  A frilled lizard (D:1)
  2 rats (D:1)
8 creatures vanquished.

Notes
Turn   | Place    | Note
-------+----------+-------------------------------------------
     0 | D:1      | sankara the Palentonga Fighter began the quest for the Orb.
     0 | D:1      | Reached XP level 1. HP: 19/19 MP: 1/1
   466 | D:1      | Reached XP level 2. HP: 20/25 MP: 2/2
   496 | D:$      | Got out of the dungeon alive.

Illustrated notes

Levels and vault maps discovered:
D:1:      minmay_arrival_wavy_path, layout_loops_ring

Action                   || total
-------------------------++-------
Melee: Flail             ||    41
       Tailslap          ||     3
 Abil: Rolling Charge    ||     4
Armor: Scale mail        ||    11
Dodge: Dodged            ||    13
Block: Kite shield       ||    15

Table legend: (Time is in decaauts)
 A = Elapsed time spent in this place.
 B = Non-inter-level travel time spent in this place.
 C = Inter-level travel time spent in this place.
 D = Time resting spent in this place.
 E = Time spent auto-exploring this place.
 F = Levels seen in this place.
 G = Mean time per level.
                   A        B        C        D        E       F      G
               +--------+--------+--------+--------+--------+-----+--------+
         Total |    517 |    488 |     29 |     28 |    369 |   1 |  517.0 |
       Dungeon |    517 |    488 |     29 |     28 |    369 |   1 |  517.0 |
               +--------+--------+--------+--------+--------+-----+--------+

Top non-repeatable levels by time:
     D:1: 517 daAuts

Table legend:
 A = Kills in this place as a percentage of kills in entire the game.
 B = Kills by you in this place as a percentage of kills by you in the entire game.
 C = Kills by friends in this place as a percentage of kills by friends in the entire game.
 D = Other kills in this place as a percentage of other kills in the entire game.
 E = Experience gained in this place as a percentage of experience gained in the entire game.
 F = Experience gained in this place divided by the number of levels of this place that you have seen.
                   A       B       C       D       E      F
               +-------+-------+-------+-------+-------+----------------------
         Total | 100.0 | 100.0 |   N/A |   N/A | 100.0 |  13.0
       Dungeon | 100.0 | 100.0 |   N/A |   N/A | 100.0 |  13.0
               +-------+-------+-------+-------+-------+----------------------
